Map: Acid Plant LE

Players

JackO - Winner!

  • Race: Protoss Protoss
  • League: Master
  • Spawn Location: 5:00

Nuffy

  • Race: Zerg Zerg
  • League: Master
  • Spawn Location: 11:00

VOD

Have the link to the VOD?

Description

Time

  • Played on: May 21, 2018, 5:59 a.m.
  • Length: 10:57
Show
View Real Time Build Order
Export as new Build Order

JackO Protoss - Winner!

Build Orders: 1 Gate Expand, Oracle Opening 

Get SALT Encoding   

  12  0:00  Probe  
  13  0:12  Probe  
  14  0:20  Pylon  
  14  0:24  Probe  
  15  0:34  Probe  
  15  0:41  Gateway  
  16  0:42  Probe  
  16  0:48  Assimilator  
  17  0:53  Probe  
  18  1:05  Probe  
  19  1:25  Nexus  
  19  1:29  Zealot  
  18  1:33  Cybernetics Core  
  20  1:42  Probe  
  21  1:52  Zealot  
  21  1:55  Pylon  
  23  2:12  Adept  
  23  2:14  Probe  
  24  2:18  Assimilator  
  26  2:34  Probe, Adept  
  27  2:43  Probe  
  30  2:46  Probe  
  30  2:48  Warp Gate  
  31  2:55  Probe  
  32  2:59  Probe  
  32  3:04  Probe  
  33  3:08  Stargate  
  33  3:11  Probe  
  35  3:19  Probe  
  35  3:23  Probe  
  37  3:31  Probe  
  37  3:32  Gateway  
  38  3:35  Probe  
  38  3:41  Oracle  
  39  3:43  Probe  
  39  3:47  Probe  
  41  3:55  Probe  
  45  3:57  Shield Battery  
  45  4:00  Probe, Gateway  
  46  4:10  Pylon  
  46  4:11  Pylon  
  46  4:20  Oracle  
  46  4:28  Probe x2  
  51  4:36  Nexus  
  51  4:40  Probe, Pylon  
  52  4:46  Pylon  
  52  4:51  Probe  
  53  4:53  Probe  
  53  4:59  Void Ray  
  54  5:03  Probe  
  54  5:05  Probe  
  56  5:10  Assimilator  
  56  5:11  Assimilator, Adept x2  
  56  5:13  Adept  
  66  5:15  Probe  
  66  5:20  Pylon  
  66  5:21  Probe  
  68  5:27  Probe  
  69  5:35  Forge, Twilight Council  
  69  5:42  Probe  
  67  5:47  Probe  
  67  5:48  Probe  
  69  5:52  Adept x3  
  69  5:54  Probe  
  69  5:57  Charge, Protoss Ground Weapons Level 1  
  76  5:59  Probe  
  76  6:01  Probe  
  78  6:04  Robotics Facility  
  78  6:06  Probe  
  79  6:15  Probe x2  
  81  6:23  Pylon  
  81  6:40  Probe x3  
  81  6:42  Robotics Facility  
  81  6:46  Gateway  
  84  6:49  Warp Prism, Gateway  
  84  6:51  Gateway  
  84  6:52  Probe, Gateway  
  77  6:57  Probe x2  
  77  6:58  Zealot x3  
  79  7:04  Probe  
  79  7:08  Pylon  
  80  7:09  Probe x2  
  82  7:16  Probe, Immortal  
  82  7:17  Assimilator  
  82  7:19  Assimilator  
  82  7:21  Probe x2, Gateway  
  85  7:22  Gateway  
  85  7:28  Probe  
  90  7:30  Observer  
  90  7:32  Zealot x3, Protoss Ground Weapons Level 2  
  97  7:40  Probe  
  97  7:41  Probe  
  91  7:50  Probe  
  92  7:53  Probe  
  92  7:54  Immortal x2  
  101  7:59  Zealot  
  101  8:00  Zealot, Templar Archives  
  101  8:02  Zealot  
  101  8:04  Zealot  
  109  8:17  Pylon x2  
  109  8:24  Pylon  
  109  8:25  Pylon  
  109  8:26  Immortal x2  
  109  8:29  Psionic Storm  
  117  8:41  High Templar  
  117  8:42  High Templar x3  
  117  8:44  High Templar x2, Zealot x2  
  133  8:49  Archon  
  133  8:50  Shield Battery  
  133  8:52  Shield Battery  
  133  8:57  Nexus  
  133  9:00  Pylon  
  133  9:07  Immortal  
  133  9:09  Immortal  
  141  9:11  High Templar x2  
  145  9:18  Photon Cannon  
  145  9:19  Archon  
  145  9:20  Photon Cannon  
  145  9:32  High Templar  
  145  9:33  High Templar  
  145  9:34  Zealot x3  
  155  9:39  Archon  
  155  9:41  Pylon  
  155  9:43  Shield Battery  
  155  9:44  Shield Battery  
  155  9:51  Pylon  
  155  9:52  Pylon  
  155  9:54  Pylon, Immortal  
  155  9:59  Immortal  
  161  10:05  High Templar x2  
  161  10:07  Zealot x2  
  161  10:13  Zealot x5  
  169  10:27  Zealot x2  
  139  10:36  Zealot x5  
  139  10:50  Zealot x4  
Show
View Real Time Build Order
Export as new Build Order

Nuffy Zerg 

Build Orders: Pool First 

Get SALT Encoding   

  12  0:17  Spawning Pool  
  11  0:22  Drone  
  11  0:26  Drone  
  13  0:31  Drone  
  14  0:39  Overlord  
  14  1:04  Zergling x4  
  16  1:05  Zergling x2  
  17  1:14  Hatchery  
  17  1:18  Zergling x2  
  17  1:27  Zergling x2  
  18  1:33  Queen  
  18  1:38  Zergling x2  
  21  1:48  Overlord  
  21  1:59  Drone  
  21  2:13  Drone  
  22  2:25  Drone  
  23  2:32  Drone x2  
  21  2:40  Drone, Queen  
  21  2:42  Extractor  
  22  2:48  Hatchery  
  21  2:52  Zergling x2  
  21  2:54  Drone  
  23  2:59  Drone  
  23  3:00  Zergling x2  
  23  3:05  Zergling x2  
  26  3:06  Zergling x2  
  26  3:09  Drone  
  28  3:27  Drone x5  
  32  3:33  Drone  
  34  3:35  Drone  
  35  3:43  Overlord  
  35  3:45  Drone  
  35  3:52  Overlord  
  35  4:03  Queen  
  35  4:06  Queen  
  35  4:07  Drone x2  
  41  4:19  Drone x5  
  41  4:22  Metabolic Boost  
  46  4:29  Spore Crawler  
  46  4:30  Spore Crawler  
  44  4:34  Spore Crawler  
  44  4:35  Drone x2  
  45  4:38  Drone  
  45  4:53  Drone x3  
  45  4:54  Drone x2  
  45  4:56  Evolution Chamber  
  49  5:02  Overlord  
  49  5:04  Overlord  
  49  5:11  Drone x4  
  49  5:12  Drone  
  54  5:18  Lair  
  54  5:19  Extractor  
  53  5:23  Zerg Melee Weapons Level 1, Baneling Nest  
  52  5:33  Drone x6  
  54  5:47  Drone x10  
  54  5:49  Extractor  
  63  5:55  Drone x2  
  65  5:58  Overlord x2  
  65  5:59  Overlord  
  65  6:12  Overlord x3  
  65  6:19  Hydralisk Den  
  65  6:20  Drone x2  
  65  6:22  Evolution Chamber  
  65  6:23  Drone  
  66  6:27  Extractor  
  66  6:31  Zergling x2  
  66  6:32  Zergling x14  
  71  6:34  Baneling x5  
  71  6:41  Zergling x6  
  74  6:49  Zergling x8  
  74  6:55  Queen x3  
  74  6:59  Drone x3  
  77  7:02  Drone  
  77  7:07  Drone x4  
  82  7:11  Drone x2  
  84  7:16  Spore Crawler  
  84  7:21  Overlord x2, Extractor  
  82  7:24  Zerg Missile Weapons Level 1  
  82  7:34  Zerg Melee Weapons Level 2  
  78  7:39  Drone x6  
  78  7:42  Extractor  
  77  7:44  Zergling x6  
  77  7:47  Centrifical Hooks  
  77  7:48  Grooved Spines  
  80  7:58  Hatchery  
  80  8:00  Hydralisk x3  
  80  8:01  Hydralisk  
  87  8:10  Hydralisk x3  
  93  8:15  Baneling x3  
  93  8:19  Zergling x12  
  102  8:20  Zergling x6  
  102  8:29  Hydralisk  
  102  8:30  Hydralisk  
  106  8:38  Hydralisk x5  
  116  8:52  Overlord x5  
  116  9:03  Spire  
  116  9:06  Spore Crawler  
  114  9:10  Muscular Augments  
  114  9:15  Drone x2  
  114  9:16  Drone x10  
  126  9:18  Hydralisk x2  
  126  9:22  Baneling x5  
  130  9:25  Zergling x2  
  130  9:26  Zergling x6  
  130  9:27  Zergling x2  
  135  9:35  Hydralisk x3  
  141  9:46  Zergling x20  
  151  9:57  Extractor  
  151  9:58  Extractor  
  143  10:18  Mutalisk x6  
Tags
 
Add a new tag
Caveats
  • Supply blocks, unpowered buildings, or Contaminate may cause inaccurate times.
  • Supply counts are checked every 10 seconds.